 Dungeon Crawl Stone Soup version 0.20.0-15-g7f486f2 (webtiles) character file.

8992 KleinerIrrer the Cleaver (level 11, -1/101 HPs)
             Began as a Minotaur Berserker on June 25, 2017.
             Was an Elder of Trog.
             Slain by a death yak (21 damage)
             ... on level 9 of the Dungeon.
             The game lasted 00:19:47 (5879 turns).

KleinerIrrer the Cleaver (Minotaur Berserker)       Turns: 5879, Time: 00:19:48

Health: -1/101     AC: 12    Str: 25    XL:     11   Next: 17%
Magic:  20/20      EV: 15    Int:  9    God:    Trog [****..]
Gold:   139        SH:  0    Dex: 10    Spells: 10/10 levels left

rFire    + . .     SeeInvis .   b - +4 battleaxe
rCold    + . .     Gourm    .   (shield currently unavailable)
rNeg     . . .     Faith    .   M - +0 leather armour {rC+}
rPois    .         Spirit   .   B - +3 hat of Pondering {ponderous, MR+ MP+10 Int+5}
rElec    .         Reflect  .   x - +0 cloak
rCorr    .         Harm     .   y - +2 pair of gloves
MR       ++++.                  (no boots)
Stlth    ++........             (no amulet)
Regen    1.3/turn               e - ring of protection from fire
MPRegen  0.2/turn               D - ring of protection from magic

@: berserk cooldown, regenerating, slowed, very slow
A: retaliatory headbutt, horns 2
a: Berserk, Trog's Hand, Brothers in Arms, Burn Spellbooks, Renounce Religion


You were on level 9 of the Dungeon.
You worshipped Trog.
Trog was greatly pleased with you.
You were near starving.

You visited 1 branch of the dungeon, and saw 8 of its levels.

You collected 367 gold pieces.
You spent 228 gold pieces at shops.

Inventory:

Hand Weapons
 a - a +0 hand axe
 b - a +4 battleaxe (weapon)
 w - a +4 quarterstaff of chaos
 E - a +2 hand axe of flaming
 F - the +1 long sword of Egomania {slice, Dex+2}
   (You found it on level 6 of the Dungeon)

   It inflicts extra damage upon your enemies.
   It affects your dexterity (+2).
 L - a +0 whip of freezing
Armour
 m - a +0 buckler
 n - a +0 plate armour
 x - a +0 cloak (worn)
 y - a +2 pair of gloves (worn)
 A - a +0 chain mail
 B - the +3 hat of Pondering (worn) {ponderous, MR+ MP+10 Int+5}
   (You took it off Gastronok on level 8 of the Dungeon)

   It affects your intelligence (+5).
   It affects your resistance to hostile enchantments.
   It affects your magic capacity (+10).
 M - a +0 leather armour of cold resistance (worn)
Jewellery
 e - a ring of protection from fire (left hand)
 p - an uncursed ring of flight
 u - an uncursed ring of protection from magic
 D - a ring of protection from magic (right hand)
 O - an uncursed ring of magical power
Wands
 C - a wand of scattershot (9/9)
 I - a wand of flame (19/48)
Scrolls
 d - 2 scrolls of fear
 v - a scroll of teleportation
 z - 2 scrolls of remove curse
 H - 2 scrolls of identify
 N - a scroll of vulnerability {unknown}
Potions
 f - a potion of agility {unknown}
 g - 2 potions of resistance {unknown}
 h - 8 potions of curing
 l - a potion of heal wounds {unknown}
 o - 2 potions of lignification {unknown}
 r - a potion of ambrosia {unknown}
 s - 2 potions of brilliance {unknown}
 t - 3 potions of haste {unknown}
 G - a potion of flight {unknown}
 J - a potion of invisibility {unknown}
 K - a potion of degeneration {unknown}
Books
 k - a book of Changes

   Spells                             Type                      Level
   a - Beastly Appendage              Transmutation                1
   b - Sticks to Snakes               Transmutation                2
   c - Spider Form                    Transmutation/Poison         3
   d - Ice Form                       Ice/Transmutation            4
   e - Blade Hands                    Transmutation                5
   Trog disapproves of the use of such an item.
Comestibles
 c - 3 bread rations
 i - 28 fruits
 j - 2 meat rations
 q - 5 royal jellies
 P - 7 chunks of flesh


   Skills:
 + Level 10.9 Fighting
 * Level 12.5 Axes
 + Level 9.6 Armour
 + Level 7.7 Dodging
 + Level 3.6 Stealth


You had 10 spell levels left.
You didn't know any spells.

Dungeon Overview and Level Annotations

Branches:
Dungeon (9/15)             Temple (0/1) D:5            Lair (0/6) D:9
    Orc: D:9-12

Altars:
Ashenzari
Dithmenos
Elyvilon
Fedhas
Gozag
Kikubaaqudgha
Makhleb
Okawaru
Ru
Sif Muna
Yredelemnul
The Shining One

Shops:
D:8 (


Innate Abilities, Weirdness & Mutations

You reflexively headbutt those who attack you in melee.
You have a pair of horns on your head.


Message History

The death yak is heavily wounded.
The death yak gores you.
You slice the death yak!!
You headbutt the death yak, but do no damage.
The death yak is almost dead.
The death yak gores you!!
* * * LOW HITPOINT WARNING * * *
Okay, then.
A red film seems to cover your vision as you go berserk!
You feel yourself moving faster!
You feel mighty!
You are near starving!
The quokka twitches its whiskers.
The death yak gores you but does no damage.
You feel a strong urge to attack something.
You feel your anger subside.
You are no longer berserk.
Trog's vigour flows through your veins.
You are exhausted.
You feel yourself slow down. The death yak gores you!!
You die...

###rr...... #..###
#.r.#....#. #....
#r### ......##..##
#Y# #.##......) #.#
#####.... #.# #....
#Y# ....#.. #Y#
########.# #@#
#.....##.# #.#
#.....##.#
#.#######........#
#.#.....รท.....####
#.#.####......#
#..>..##.######
###.#.##.# #.#.##.#
#......# #######


You could see 3 death yaks, a hell rat and a porcupine.

Vanquished Creatures
  Gastronok (D:8)
  A two-headed ogre (D:9)
  The ghost of koelner the Tainter, a novice DsVM of Makhleb (D:8)
  Pikel (D:7)
  A deep elf mage (D:9)
  Joseph (D:7)
  Maurice (D:8)
  Psyche (D:8)
  A troll (D:9)
  A hippogriff (D:8)
  Eustachio (D:6)
  A hungry ghost (D:9)
  Menkaure (D:6)
  Duvessa (D:7)
  A slave (D:7)
  4 ogres
  2 black bears (D:6)
  6 ice beasts
  2 sky beasts
  4 centaurs
  3 big kobolds
  3 bullfrogs
  2 scorpions (D:5)
  Dowan (D:7)
  10 killer bees
  6 crimson imps
  2 hounds (D:6)
  2 jellies
  4 orc wizards
  An orc priest (D:5)
  Crazy Yiuf (D:5)
  2 iguanas
  8 worker ants
  3 howler monkey zombies
  A worker ant zombie (D:8)
  6 adders
  A river rat (D:9)
  3 shadow imps
  An ooze (D:2)
  2 adder zombies
  2 worms (D:2)
  3 dart slugs
  8 leopard geckos
  20 orcs
  A ball python (D:6)
  5 bats
  2 giant cockroaches
  6 goblins
  6 hobgoblins
  5 jackals
  3 quokkas
  A ball python zombie (D:5)
  4 frilled lizards
  A jackal zombie (D:6)
  10 kobolds
  A leopard gecko zombie (D:5)
  A quokka zombie (D:7)
  6 rats
180 creatures vanquished.

Vanquished Creatures (others)
  3 slaves (D:7)
3 creatures vanquished.

Grand Total: 183 creatures vanquished

Notes
Turn   | Place    | Note
-------+----------+-------------------------------------------
     0 | D:1      | KleinerIrrer the Minotaur Berserker began the quest for the Orb.
     0 | D:1      | Reached XP level 1. HP: 19/19 MP: 0/0
    57 | D:1      | Reached skill level 4 in Axes
   104 | D:1      | Reached XP level 2. HP: 24/27 MP: 1/1
   409 | D:2      | Reached XP level 3. HP: 33/33 MP: 2/2
   486 | D:2      | Reached ** piety under Trog
   907 | D:2      | Reached skill level 5 in Axes
   945 | D:2      | Reached XP level 4. HP: 31/40 MP: 3/3
  1281 | D:3      | You fall through a shaft for 2 floors!
  1281 | D:5      | Entered Level 5 of the Dungeon
  1281 | D:5      | Found a staircase to the Ecumenical Temple.
  1358 | D:5      | Noticed an ice beast
  1366 | D:5      | Killed an ice beast
  1366 | D:5      | Reached XP level 5. HP: 31/47 MP: 4/4
  1478 | D:5      | Found a runed door.
  1561 | D:5      | Noticed Crazy Yiuf
  1565 | D:5      | Killed Crazy Yiuf
  1565 | D:5      | Reached skill level 6 in Axes
  1669 | D:5      | Reached XP level 6. HP: 43/53 MP: 5/5
  1716 | D:5      | Found a basalt altar of Yredelemnul.
  1716 | D:5      | Found a shattered altar of Ashenzari.
  1721 | D:5      | Found a burning altar of Makhleb.
  1723 | D:5      | Found a faded altar of an unknown god.
  1724 | D:5      | Found a faded altar of an unknown god.
  1825 | D:5      | Noticed a sky beast
  1834 | D:5      | Killed a sky beast
  1834 | D:5      | Reached skill level 5 in Fighting
  1847 | D:5      | Reached skill level 7 in Axes
  1886 | D:5      | Reached XP level 7. HP: 58/61 MP: 6/6
  1981 | D:5      | Reached *** piety under Trog
  2121 | D:6      | Reached skill level 8 in Axes
  2221 | D:6      | Noticed Menkaure
  2231 | D:6      | Killed Menkaure
  2231 | D:6      | Reached skill level 5 in Armour
  2334 | D:6      | Noticed Eustachio
  2350 | D:6      | Killed Eustachio
  2350 | D:6      | Reached skill level 1 in Stealth
  2351 | D:6      | Reached XP level 8. HP: 56/70 MP: 7/7
  2359 | D:6      | Reached skill level 9 in Axes
  2605 | D:6      | Got a blackened long sword
  2606 | D:6      | Identified the +1 long sword of Egomania {slice, Dex+2} (You found it on level 6 of the Dungeon)
  2796 | D:6      | Found a shadowy altar of Dithmenos.
  2914 | D:6      | Found an iron altar of Okawaru.
  2921 | D:6      | Found a shadowy altar of Dithmenos.
  2925 | D:6      | Found a deep blue altar of Sif Muna.
  2927 | D:6      | Found an ancient bone altar of Kikubaaqudgha.
  2928 | D:6      | Found an opulent altar of Gozag.
  2928 | D:6      | Found a glowing golden altar of the Shining One.
  2928 | D:6      | Found a sacrificial altar of Ru.
  2929 | D:6      | Found a blossoming altar of Fedhas.
  3284 | D:7      | Noticed Dowan
  3285 | D:7      | Noticed Duvessa
  3291 | D:7      | Killed Dowan
  3297 | D:7      | Killed Duvessa
  3598 | D:7      | Noticed Pikel
  3613 | D:7      | Killed Pikel
  3613 | D:7      | Reached skill level 5 in Dodging
  3613 | D:7      | Reached XP level 9. HP: 44/81 MP: 8/8
  3650 | D:7      | Noticed Joseph
  3662 | D:7      | Killed Joseph
  3662 | D:7      | Reached **** piety under Trog
  3662 | D:7      | Reached skill level 10 in Axes
  4306 | D:8      | Noticed Gastronok
  4390 | D:8      | Noticed koelner's ghost (novice DsVM)
  4402 | D:8      | Killed koelner's ghost
  4478 | D:8      | Noticed Maurice
  4498 | D:8      | Killed Gastronok
  4498 | D:8      | Reached XP level 10. HP: 93/93 MP: 9/9
  4503 | D:8      | Killed Maurice
  4503 | D:8      | Reached skill level 10 in Fighting
  4503 | D:8      | Reached skill level 11 in Axes
  4725 | D:8      | Noticed Psyche
  4742 | D:8      | Killed Psyche
  5072 | D:8      | Found Joaxieck's Antique Weapon Shop.
  5089 | D:8      | Bought a glowing battleaxe for 228 gold pieces
  5255 | D:8      | Found a shattered altar of Ashenzari.
  5515 | D:9      | Found a white marble altar of Elyvilon.
  5600 | D:9      | Noticed a two-headed ogre
  5607 | D:9      | Killed a two-headed ogre
  5607 | D:9      | Reached skill level 12 in Axes
  5607 | D:9      | Reached XP level 11. HP: 67/101 MP: 10/10
  5685 | D:9      | Noticed a deep elf mage
  5690 | D:9      | Killed a deep elf mage
  5852 | D:9      | Found a staircase to the Lair.
  5852 | D:9      | Noticed a death yak
  5853 | D:9      | Noticed a death yak
  5854 | D:9      | Noticed a death yak
  5879 | D:9      | Slain by a death yak

Skill      XL: |  1  2  3  4  5  6  7  8  9 10 |
---------------+-------------------------------+-----
Axes           | 4 5 6 7 8 9 10 12 | 12.5
Fighting       | 4 5 8 9 10 | 10.9
Armour         | 3 4 5 7 9 |  9.6
Dodging        | 3 5 6 7 |  7.7
Stealth        | 1 3 |  3.6

Action                   |  1- 3 |  4- 6 |  7- 9 | 10-12 || total
-------------------------+-------+-------+-------+-------++-------
Melee: Hand axe          |    77 |    34 |       |    65 ||   176
       Headbutt          |    11 |    12 |    30 |    27 ||    80
       Quarterstaff      |       |    34 |   184 |    10 ||   228
       Battleaxe         |       |       |       |    69 ||    69
Invok: Berserk           |     1 |     1 |     4 |     1 ||     7
       Trog's Hand       |       |       |     2 |     1 ||     3
  Use: Scroll            |     3 |       |     9 |       ||    12
 Stab: Confused          |       |       |     2 |       ||     2
  Eat: Chunk             |     1 |     4 |     9 |     2 ||    16
       Bread ration      |       |       |     1 |       ||     1
       Meat ration       |       |       |       |     1 ||     1
Armor: Animal skin       |     6 |       |       |       ||     6
       Ring mail         |    11 |    23 |    88 |       ||   122
       Leather armour    |       |       |    11 |    47 ||    58
Dodge: Dodged            |    39 |    40 |   147 |    90 ||   316
Block: Buckler           |       |       |       |    10 ||    10
